Map: Newkirk Precinct TE (Void)

Players

Kelpfarmer - Winner!

  • Race: Protoss Protoss
  • Spawn Location: 5:00

Googleme

  • Race: Terran Terran
  • League: Silver
  • Spawn Location: 7:00

VOD

Have the link to the VOD?

Description

Time

  • Played on: Dec. 30, 2016, 2:55 p.m.
  • Length: 10:21
Show
View Real Time Build Order
Export as new Build Order

Kelpfarmer Protoss - Winner!

Build Orders: 1 Gate Expand, Oracle Opening 

Get SALT Encoding   

  12  0:02  Probe (Chrono Boost)  
  13  0:13  Probe (Chrono Boost)  
  14  0:21  Pylon  
  14  0:23  Probe (Chrono Boost)  
  15  0:40  Probe (Chrono Boost)  
  16  0:43  Gateway  
  16  0:50  Probe (Chrono Boost)  
  16  0:51  Assimilator  
  17  1:01  Probe (Chrono Boost)  
  19  1:11  Probe (Chrono Boost)  
  19  1:22  Probe (Chrono Boost)  
  20  1:30  Nexus  
  20  1:32  Probe (Chrono Boost)  
  21  1:40  Pylon  
  21  1:43  Probe (Chrono Boost)  
  22  1:53  Probe (Chrono Boost)  
  23  1:56  Pylon  
  23  2:04  Cybernetics Core, Probe (Chrono Boost)  
  23  2:19  Gateway  
  23  2:20  Probe (Chrono Boost)  
  24  2:25  Assimilator  
  24  2:33  Probe (Chrono Boost)  
  25  2:37  Gateway  
  25  2:42  Probe (Chrono Boost)  
  25  2:43  Probe (Chrono Boost)  
  27  2:52  Stargate  
  27  2:57  Probe x2 (Chrono Boost)  
  29  3:12  Stalker x2  
  33  3:14  Probe (Chrono Boost)  
  33  3:18  Probe (Chrono Boost)  
  35  3:28  Warp Gate  
  35  3:33  Probe x2 (Chrono Boost)  
  37  3:43  Probe (Chrono Boost)  
  37  3:44  Forge, Probe (Chrono Boost)  
  39  3:52  Zealot x2  
  39  3:54  Pylon  
  43  3:55  Oracle  
  43  3:59  Adept  
  43  4:02  Probe (Chrono Boost)  
  49  4:04  Probe (Chrono Boost)  
  50  4:10  Assimilator  
  50  4:15  Probe x2 (Chrono Boost)  
  52  4:19  Adept  
  52  4:20  Adept  
  56  4:26  Adept  
  58  4:31  Pylon  
  58  4:33  Probe x2 (Chrono Boost)  
  60  4:44  Probe x2 (Chrono Boost)  
  62  4:48  Nexus  
  62  4:54  Probe (Chrono Boost)  
  62  4:55  Probe (Chrono Boost)  
  62  4:57  Adept x2  
  68  5:09  Twilight Council  
  68  5:10  Probe x2 (Chrono Boost)  
  68  5:13  Pylon  
  70  5:30  Probe x2 (Chrono Boost)  
  70  5:31  Adept  
  70  5:34  Void Ray  
  75  5:40  Pylon  
  75  5:43  Pylon, Probe x2 (Chrono Boost)  
  75  5:48  Pylon  
  77  5:50  Pylon  
  77  5:53  Gateway  
  77  5:54  Gateway  
  77  5:56  Pylon  
  77  6:01  Assimilator  
  79  6:04  Probe x2 (Chrono Boost)  
  79  6:07  Adept  
  79  6:08  Adept x2  
  85  6:16  Templar Archives  
  85  6:21  Gateway  
  85  6:25  Void Ray  
  89  6:33  Photon Cannon  
  89  6:38  Photon Cannon  
  89  6:47  Photon Cannon  
  89  6:52  Probe x3 (Chrono Boost)  
  92  6:59  Pylon  
  92  7:01  Gateway  
  92  7:02  Gateway  
  92  7:17  Stalker  
  92  7:18  Stalker x2  
  92  7:19  High Templar x3  
  102  7:34  Resonating Glaives  
  102  7:41  Void Ray  
  102  7:43  Robotics Facility  
  100  7:54  Photon Cannon  
  100  7:55  Stalker x3  
  102  8:21  Probe x2 (Chrono Boost)  
  102  8:22  Photon Cannon, Probe (Chrono Boost)  
  102  8:24  Photon Cannon  
  102  8:25  Stalker x5  
  115  8:33  Observer  
  116  8:40  Pylon  
  116  8:42  Void Ray  
  116  8:43  Pylon  
  120  8:48  Pylon, Assimilator  
  120  8:53  Assimilator  
  120  8:57  Stalker x2  
  120  8:58  Stalker  
  120  9:00  Adept x2  
  130  9:11  Pylon  
  130  9:13  Pylon  
  130  9:15  Pylon  
  132  9:24  Probe x3 (Chrono Boost)  
  133  9:34  Probe (Chrono Boost)  
  133  9:35  Observer, Probe (Chrono Boost)  
  136  9:42  Adept  
  136  9:43  Adept x4  
  136  9:44  Nexus  
  146  9:57  Observer  
  151  10:16  Stalker x3  
Show
View Real Time Build Order
Export as new Build Order

Googleme Terran 

Build Orders:  

Get SALT Encoding   

  12  0:01  SCV  
  13  0:14  SCV  
  14  0:19  Supply Depot  
  14  0:26  SCV  
  15  0:31  Refinery  
  15  0:44  SCV  
  16  0:51  Barracks  
  16  0:56  SCV  
  17  1:08  SCV  
  18  1:14  Refinery  
  18  1:20  SCV  
  19  1:34  SCV  
  20  1:49  Marine  
  20  1:51  Supply Depot  
  21  2:05  Factory  
  21  2:25  Barracks Reactor  
  21  2:28  Command Center  
  21  2:34  Engineering Bay  
  21  2:52  Supply Depot  
  21  2:57  Starport  
  21  3:11  Barracks Tech Lab  
  21  3:13  Orbital Command  
  21  3:28  Missile Turret  
  21  3:40  Orbital Command  
  21  3:52  Barracks Reactor  
  21  3:55  SCV  
  22  4:05  Cyclone  
  22  4:07  SCV  
  26  4:11  Banshee  
  29  4:20  Cyclone  
  29  4:24  SCV  
  33  4:28  SCV  
  34  4:33  Cloaking Field  
  34  4:43  SCV  
  35  4:53  Banshee  
  35  4:58  Factory  
  38  5:01  Cyclone  
  38  5:05  Barracks Tech Lab  
  41  5:12  Refinery, SCV  
  42  5:15  Refinery  
  37  5:24  SCV  
  33  5:36  SCV  
  34  5:43  SCV  
  34  5:48  SCV  
  36  5:52  Cyclone x2  
  36  5:55  Cyclone, SCV  
  46  6:00  SCV  
  47  6:07  SCV  
  48  6:12  SCV  
  49  6:48  SCV  
  50  6:56  SCV  
  50  7:00  SCV  
  52  7:08  SCV  
  52  7:12  SCV  
  54  8:06  Supply Depot  
  54  8:07  Supply Depot  
  54  8:10  Liberator  
  54  8:12  Supply Depot  
  54  8:27  Cyclone, SCV  
  54  8:29  Cyclone x3  
  70  8:35  Command Center  
  70  8:40  Supply Depot, SCV  
  71  8:49  Supply Depot  
  71  8:51  SCV  
  71  8:52  SCV  
  71  8:54  Liberator  
  73  9:03  Armory, SCV  
  73  9:04  SCV  
  73  9:07  Cyclone  
  73  9:08  Cyclone  
  73  9:09  Armory, Cyclone  
  84  9:11  Cyclone  
  84  9:15  SCV  
  84  9:16  SCV  
  92  9:28  SCV  
  93  9:31  Missile Turret  
  93  9:40  SCV  
  94  9:52  SCV  
Tags
 
Add a new tag
Caveats
  • Supply blocks, unpowered buildings, or Contaminate may cause inaccurate times.
  • Supply counts are checked every 10 seconds.